 Dungeon Crawl Stone Soup version 0.23.2-40-g277498a001 (webtiles) character file.

Game seed: 5643343683454988374

5095 Frank2 the Cleaver (level 10, -1/121 HPs)
             Began as a Demigod Gladiator on Sept 1, 2019.
             Slain by a yak (10 damage)
             ... on level 9 of the Dungeon.
             The game lasted 00:14:25 (7349 turns).

Frank2 the Cleaver (Demigod Gladiator)              Turns: 7349, Time: 00:14:26

Health: -1/121     AC: 15    Str: 24    XL:     10   Next: 10%
Magic:  0/16       EV: 15    Int: 14    God:
Gold:   324        SH:  0    Dex: 21    Spells: 9/9 levels left

rFire    + . .     SeeInvis +   a - +0 war axe
rCold    + . .     Gourm    .   (no shield)
rNeg     . . .     Faith    .   b - +1 ring mail {rF+}
rPois    .         Spirit   +   s - +1 helmet
rElec    .         Reflect  .   l - scarf {Spirit}
rCorr    .         Harm     .   (no gloves)
MR       +....                  (no boots)
Stlth    ..........             r - amulet of Uramaes {RegenMP *Corrode rC+ Int+2 SInv}
HPRegen  0.30/turn              e - +6 ring of protection
MPRegen  0.40/turn              (no ring)

@: berserking, very quick
A: high mp 1
a: no special abilities


You were on level 9 of the Dungeon.
You were not hungry.

You visited 1 branch of the dungeon, and saw 9 of its levels.

You collected 324 gold pieces.

Inventory:

Hand Weapons
 a - a +0 war axe (weapon)
Armour
 b - a +1 ring mail of fire resistance (worn)
 l - a scarf of spirit shield (worn)
 s - a +1 helmet (worn)
 y - a +1 cloak
Jewellery
 e - a +6 ring of protection (left hand)
 r - the amulet of Uramaes (around neck) {RegenMP *Corrode rC+ Int+2 SInv}
   (You found it on level 6 of the Dungeon)

   [amulet of magic regeneration]

   It increases your magic regeneration.
   It affects your intelligence (+2).
   It protects you from cold.
   It lets you see invisible.
   It may corrode you when you take damage.
Wands
 x - a wand of random effects (9)
Scrolls
 c - a scroll of identify
 h - a scroll of remove curse
 n - a scroll of magic mapping
Potions
 d - 2 potions of ambrosia
 g - a potion of agility
 i - a potion of cancellation {unknown}
 j - a potion of might
 k - 2 potions of flight {unknown}
 m - 2 potions of mutation {unknown}
 t - a potion of berserk rage
 v - a potion of resistance {unknown}
Comestibles
 f - 9 rations


   Skills:
 + Level 5.5 Fighting
 + Level 10.2 Axes
 - Level 1.7 Throwing
 + Level 5.2 Armour
 + Level 5.4 Dodging
 * Level 4.4 Evocations


You had 9 spell levels left.
You didn't know any spells.
Your spell library contained the following spells:

 Spells                   Type           Power        Failure   Level  Hunger
 Freeze                   Ice            #...         41%         1    ##.....
 Magic Dart               Conj           #...         41%         1    ##.....
 Searing Ray              Conj           #.....       54%         2    ###....
 Throw Frost              Conj/Ice       #.....       54%         2    ###....
 Dazzling Spray           Conj/Hex       #.....       78%         3    ####...
 Ozocubu's Armour         Chrm/Ice       #.......     78%         3    ####...
 Force Lance              Conj/Tloc      #.......     99%         4    #####..
 Fulminant Prism          Conj/Hex       #.........   99%         4    #####..
 Iskenderun's Mystic Bla  Conj           #.......     99%         4    #####..
 Summon Ice Beast         Ice/Summ       #.......     99%         4    #####..
 Throw Icicle             Conj/Ice       #.......     99%         4    #####..


Dungeon Overview and Level Annotations

Branches:
Dungeon (9/15)             Temple (0/1) D:4
   Lair: D:8-11         Orc: D:9-12


Innate Abilities, Weirdness & Mutations

You have an increased reservoir of magic. (+10% MP)


Message History

You are too injured to fight recklessly!
You are too injured to fight recklessly!
Unknown command.
You hit the yak.
The yak is heavily wounded.
You slash the yak!
You hit the yak. x2; The yak gores you but does no damage.
The yak gores you! x2
* * * LOW HITPOINT WARNING * * *
The yak gores you.
* * * LOW HITPOINT WARNING * * *
You slash the yak!
You kill the yak!
You slash the yak! x2; You closely miss the yak.
The yak barely misses you. The yak gores you!
* * * LOW HITPOINT WARNING * * *
The yak gores you but does no damage.
Unknown command.
A red film seems to cover your vision as you go berserk!
You feel yourself moving faster!
You feel mighty! The yak gores you!
You die...

#........ ... #.#.⌠.⌠.#
...# #............#
#.#.....#....
#...._.....##
#.#.....#...# ...
#....Y.Y....###..
#.#.⌠.@Y#.......... ..
#...............#..###.
#.#.....#.......##.....
#...............# #....
#####...........###....
#.............+....
#..........†..#....
#.............'....
#.............#.#..


You could see 3 yaks.

Vanquished Creatures
  A two-headed ogre (D:8)
  Joseph (D:8)
  Maurice (D:8)
  Grinder (D:6)
  A yak (D:9)
  Grum (D:8)
  A hungry ghost (D:8)
  Edmund (D:6)
  A water moccasin (D:7)
  3 ice beasts
  A black bear (D:7)
  3 ogres
  A necrophage (D:7)
  4 wolves (D:8)
  5 phantoms
  A centaur (D:8)
  Blork the orc (D:6)
  A big kobold (D:8)
  2 bullfrogs
  3 scorpions
  4 crimson imps
  A centaur zombie (D:5)
  3 hounds
  2 bullfrog zombies
  A quasit (D:6)
  A centaur skeleton (D:7)
  2 orc priests (D:5)
  An iron imp (D:7)
  An orc wizard (D:3)
  Crazy Yiuf (D:6)
  A bullfrog skeleton (D:7)
  3 iguanas
  4 worker ants
  2 hound skeletons
  4 gnolls (D:4)
  3 adders
  An ooze (D:3)
  A worm (D:4)
  2 adder skeletons
  6 dart slugs
  4 leopard geckos
  17 orcs
  A ball python (D:1)
  9 giant cockroaches
  6 goblins
  9 hobgoblins
  6 jackals (D:1)
  13 kobolds
  7 quokkas
  9 bats
  7 frilled lizards
  A leopard gecko skeleton (D:6)
  10 rats
177 creatures vanquished.

Notes
Turn   | Place    | Note
-------+----------+-------------------------------------------
     0 | D:1      | Frank2 the Demigod Gladiator began the quest for the Orb.
     0 | D:1      | Reached XP level 1. HP: 17/17 MP: 3/3
   216 | D:1      | Reached XP level 2. HP: 20/24 MP: 4/4
   245 | D:1      | Reached skill level 3 in Axes
   846 | D:1      | Reached XP level 3. HP: 28/29 MP: 5/5
  1398 | D:2      | Reached skill level 1 in Armour
  1548 | D:2      | Found a shimmering altar of Xom.
  1566 | D:2      | Reached XP level 4. HP: 36/36 MP: 6/6
  1905 | D:3      | Reached skill level 4 in Axes
  2305 | D:3      | Noticed an ogre
  2312 | D:3      | Killed an ogre
  2312 | D:3      | Reached XP level 5. HP: 42/42 MP: 7/7
  2677 | D:4      | Noticed a phantom
  2737 | D:4      | Killed a phantom
  2737 | D:4      | Reached skill level 5 in Axes
  2737 | D:4      | Reached XP level 6. HP: 49/50 MP: 6/8
  2773 | D:4      | Found a staircase to the Ecumenical Temple.
  2958 | D:4      | Found an opulent altar of Gozag.
  3276 | D:5      | Entered Level 5 of the Dungeon
  3302 | D:5      | Reached skill level 6 in Axes
  3302 | D:5      | Reached XP level 7. HP: 56/56 MP: 9/9
  3595 | D:5      | Found a shattered altar of Ashenzari.
  3596 | D:5      | Found a glowing silver altar of Zin.
  4089 | D:6      | Got a warped diamond amulet
  4106 | D:6      | Noticed Blork the orc
  4119 | D:6      | Killed Blork the orc
  4119 | D:6      | Reached skill level 7 in Axes
  4122 | D:6      | Identified the amulet of Uramaes {RegenMP *Corrode rC+
                  | Int+2 SInv} (You found it on level 6 of the Dungeon)
  4239 | D:6      | Noticed Grinder
  4246 | D:6      | Killed Grinder
  4246 | D:6      | Reached XP level 8. HP: 53/64 MP: 7/10
  4271 | D:6      | Found a runed translucent door.
  4272 | D:6      | Noticed Crazy Yiuf
  4277 | D:6      | Paralysed by Crazy Yiuf for 3 turns
  4280 | D:6      | Killed Crazy Yiuf
  4415 | D:6      | Noticed Edmund
  4429 | D:6      | Killed Edmund
  4480 | D:6      | Identified a scroll of acquirement
  4685 | D:7      | Reached skill level 8 in Axes
  4685 | D:7      | Reached skill level 1 in Evocations
  4694 | D:7      | Found a snail-covered altar of Cheibriados.
  5560 | D:8      | Noticed Joseph
  5581 | D:8      | Killed Joseph
  5581 | D:8      | Reached skill level 9 in Axes
  5581 | D:8      | Reached XP level 9. HP: 71/71 MP: 11/14
  5762 | D:8      | Noticed Maurice
  5793 | D:8      | Killed Maurice
  6020 | D:8      | Got an ancient scimitar
  6066 | D:8      | Reached skill level 5 in Dodging
  6069 | D:8      | Identified the +4 scimitar "Wyzal" {slice, Int-5 Dex+6}
                  | (You found it on level 8 of the Dungeon)
  6077 | D:8      | Noticed a two-headed ogre
  6099 | D:8      | Killed a two-headed ogre
  6099 | D:8      | Reached skill level 5 in Fighting
  6397 | D:8      | Found a hide-covered altar of Uskayaw.
  6418 | D:8      | Noticed Grum
  6453 | D:8      | Reached skill level 10 in Axes
  6453 | D:8      | Reached skill level 5 in Armour
  6464 | D:8      | Killed Grum
  6464 | D:8      | Reached XP level 10. HP: 25/81 MP: 6/16
  7334 | D:9      | Found a white marble altar of Elyvilon.
  7349 | D:9      | Slain by a yak

Skill      XL: |  1  2  3  4  5  6  7  8  9 |
---------------+----------------------------+-----
Dodging        | 3 4 5 |  5.4
Axes           | 3 4 5 6 7 9 10 | 10.2
Fighting       | 2 3 4 5 |  5.5
Armour         | 1 2 3 4 5 |  5.2
Evocations     | 2 4 |  4.4
Throwing       | |  1.7

Action                   |  1- 3 |  4- 6 |  7- 9 | 10-12 || total
-------------------------+-------+-------+-------+-------++-------
Melee: War axe           |   154 |   140 |   430 |    45 ||   769
Throw: Throwing net      |       |     3 |     2 |       ||     5
Evoke: Wand              |       |       |     7 |       ||     7
  Use: Scroll            |     4 |     8 |    14 |       ||    26
       Potion            |       |       |     8 |     1 ||     9
 Stab: Sleeping          |     2 |       |       |       ||     2
       Held in net/web   |       |     1 |     2 |       ||     3
  Eat: Chunk             |     2 |     6 |     6 |     3 ||    17
       Ration            |       |       |     3 |       ||     3
Armor: Leather armour    |    71 |     1 |       |       ||    72
       Ring mail         |       |    61 |   177 |    28 ||   266
Dodge: Dodged            |   133 |   100 |   333 |    39 ||   605
